 Dungeon Crawl Stone Soup version 0.30-a0-778-g2ef04afb54 (webtiles) character file.

Game seed: 4673858866203789031

861 BRD the Cudgeller (level 7, -1/56 HPs)
             Began as a Demonspawn Gladiator on Feb 16, 2023.
             Succumbed to an orc wizard's poison
             ... on level 5 of the Dungeon.
             The game lasted 00:10:07 (4148 turns).

BRD the Cudgeller (Demonspawn Gladiator)            Turns: 4148, Time: 00:10:08

Health: -1/56      AC: 13    Str: 13 (16) XL:     7   Next: 71%
Magic:  7/7        EV:  4    Int:  7 (10) God:
Gold:   231        SH:  0    Dex: 11 (14) Spells: 6/6 levels left

rFire   . . .      SeeInvis .    a - +0 flail
rCold   . . .      Faith    .    (no shield)
rNeg    . . .      Spirit   .    m - +0 plate armour
rPois   .          Reflect  .    c - +0 helmet
rElec   .          Harm     .    (no cloak)
rCorr   .          Rampage  .    (no gloves)
Will    .....                    (no boots) Stlth
                                 w - amulet of the acrobat
HPRegen 0.29/turn                (no ring)
MPRegen 0.10/turn                (no ring)

@: brilliant, lethally poisoned (-1 -> -35), flying, invisible
A: hooves 2, rugged brown scales 1, powered by death 1
a: no special abilities


You were on level 5 of the Dungeon.
You visited 2 branches of the dungeon, and saw 6 of its levels.

You collected 231 gold pieces.

Inventory:

Hand Weapons
 a - a +0 flail (weapon)
 u - a +0 arbalest
Missiles
 d - 3 throwing nets (quivered)
 e - a javelin
 f - 7 boomerangs
 x - 6 poisoned darts
Armour
 c - a +0 helmet (worn)
 m - a +0 plate armour (worn)
Jewellery
 w - an amulet of the acrobat (around neck)
 z - a ring of protection from fire
Wands
 B - a wand of charming (2)
Scrolls
 g - a scroll of vulnerability {unknown}
 i - 3 scrolls of teleportation {unknown}
 l - 2 scrolls of immolation {unknown}
 n - 2 scrolls of enchant armour {unknown}
 p - 2 scrolls of identify {unknown}
 r - a scroll of poison {unknown}
 t - a scroll of fog {unknown}
 y - a scroll of amnesia {unknown}
 A - a scroll of blinking {unknown}
 C - 3 scrolls of enchant weapon {unknown}
Potions
 b - a potion of magic {unknown}
 h - a potion of degeneration
 j - a potion of invisibility
 k - a potion of brilliance
 o - a potion of mutation {unknown}
 q - a potion of flight
 s - a potion of berserk rage {unknown}
 v - a potion of curing {unknown}
 D - a potion of heal wounds


   Skills:
 + Level 4.9 Fighting
 + Level 4.9 Maces & Flails
 + Level 3.0 Ranged Weapons
 - Level 2.0 Throwing
 + Level 3.6 Armour
 - Level 3.1 Dodging


You had 6 spell levels left.
You didn't know any spells.
Your spell library contained the following spells:

 Spells                   Type           Power      Damage    Failure   Level
 Magic Dart               Conj           0%         1d3       100%        1
 Searing Ray              Conj           0%         2d4       100%        2
 Fulminant Prism          Conj/Hex       0%         3d5       100%        4


Dungeon Overview and Level Annotations

Branches:
Dungeon (5/15)             Temple (1/1) D:5

Altars:
Ashenzari
Fedhas
Hepliaklqana
Nemelex Xobeh
Qazlal
Sif Muna
Trog
Uskayaw
Vehumet

Annotations:
D:2 1 runed translucent door, Crazy Yiuf


Innate Abilities, Weirdness & Mutations

You have hoof-like feet.
You are partially covered in rugged brown scales. (AC +1, +3% HP)
You regenerate a little health from kills.


Message History

It was a potion of degeneration.
There was something very wrong with that liquid.
You feel weakened.
You feel dopey.
You feel clumsy.
You feel sick. Something hits you but does no damage.
It was a potion of invisibility.
You fade into invisibility!
You feel sick. Something hits you but does no damage.
You are lethally poisoned!
It was a potion of flight.
You feel very buoyant.
You fly up into the air.
* * * LOW HITPOINT WARNING * * *
You feel sick. Something hits you but does no damage.
It was a potion of heal wounds.
You feel much better.
You feel sick. Something hits you but does no damage.
You are more poisoned.
Aiming: Charm
Press: ? - help, Shift-Dir - straight line, f - orc
Aim: an orc, wielding a +2 dagger of draining (unable to see you, chance to affect: 66%) Nothing appears to happen.
You feel very sick. Something hits you but does no damage.
You are more poisoned.
You miss something. Your kick misses something.
You feel very sick. Something hits you but does no damage.
You hit something.
* * * LOW HITPOINT WARNING * * *
You feel very sick. Something hits you but does no damage.
You are lethally poisoned!
You closely miss something. Your kick misses something.
* * * LOW HITPOINT WARNING * * *
You feel very sick. Something hits you but does no damage.
You are more poisoned.
Something hits you but does no damage.
You are more poisoned.
You closely miss something.
You die...

#.....#.# #......##
.. #......# o.
#..##### .. ##.# .#
#.# o# #### #.# .#
...# #.########o#
##.#######......@{oo#
......))...##########
.#.#######.# ...# #.#
.### #.# .# #.# .#
#.# .# #.# ## #.#


You could see an orc priest (unable to see you) and 2 orcs.

Vanquished Creatures
  A water moccasin (D:5)
  An ice beast (D:3)
  A phantom (D:5)
  2 scorpions (D:5)
  A howler monkey (D:5)
  5 hounds
  A gnoll bouda (D:4)
  Jessica (D:2)
  2 orc wizards (D:5)
  5 adders
  5 gnolls
  A worm (D:5)
  A dart slug (D:1)
  11 orcs (D:5)
  10 bats
  4 endoplasms
  4 giant cockroaches
  5 goblins
  7 hobgoblins
  2 jackals (D:1)
  5 quokkas
  4 ball pythons (D:1)
  3 frilled lizards (D:1)
  6 kobolds
  3 rats
91 creatures vanquished.

Vanquished Creatures (others)
  An orc priest (D:5)
  An orc (D:5)
2 creatures vanquished.

Grand Total: 93 creatures vanquished

Notes
Turn   | Place    | Note
-------+----------+-------------------------------------------
     0 | D:1      | BRD the Demonspawn Gladiator began the quest for the Orb.
     0 | D:1      | Reached XP level 1. HP: 16/16 MP: 1/1
   177 | D:1      | Gained mutation: You are partially covered in rugged brown
                  | scales. (AC +1, +3% HP) [demonic ancestry]
   177 | D:1      | Reached XP level 2. HP: 16/22 MP: 2/2
   708 | D:1      | Reached XP level 3. HP: 25/28 MP: 3/3
   938 | D:2      | Found a sparkling altar of Nemelex Xobeh.
  1125 | D:2      | Noticed Jessica
  1137 | D:2      | Killed Jessica
  1138 | D:2      | Reached skill level 1 in Armour
  1138 | D:2      | Reached XP level 4. HP: 36/36 MP: 4/4
  1174 | D:2      | Found a faded altar of an unknown god.
  1520 | D:2      | Found a runed translucent door.
  1521 | D:2      | Noticed Crazy Yiuf
  1833 | D:3      | Gained mutation: You have large cloven feet. [demonic
                  | ancestry]
  1833 | D:3      | Reached XP level 5. HP: 40/42 MP: 5/5
  2161 | D:3      | Noticed an ice beast
  2169 | D:3      | Killed an ice beast
  2170 | D:3      | Reached skill level 1 in Ranged Weapons
  3075 | D:4      | Gained mutation: You regenerate a little health from kills.
                  | [demonic ancestry]
  3075 | D:4      | Reached XP level 6. HP: 49/49 MP: 6/6
  3402 | D:5      | Entered Level 5 of the Dungeon
  3511 | D:5      | Noticed a water moccasin
  3531 | D:5      | Killed a water moccasin
  3532 | D:5      | Gained mutation: You have hoof-like feet. [demonic
                  | ancestry]
  3532 | D:5      | Reached XP level 7. HP: 51/56 MP: 7/7
  3737 | D:5      | Found a staircase to the Ecumenical Temple.
  3750 | Temple   | Entered the Ecumenical Temple
  4148 | D:5      | Succumbed to an orc wizard's poison

Illustrated notes

Levels and vault maps discovered:
D:1:      elethiomel_arrival_infinity_welcomes_careful_drivers, layout_basic,
          minmay_domino_2
D:2:      layout_basic, basic_ecumenical_altar, basic_altar, uniq_jessica,
          uniq_crazy_yiuf_cottage
D:3:      layout_loops_ring, chequers_avenue, grunt_decor_mini_mirrors
D:4:      layout_basic, mainiacjoe_overflow_tiny_flanked, minitemple,
          serial_shops, shop, nicolae_wormholes
D:5:      minmay_diamond_boxcup, layout_loops_ring, overflow_temple_1_default,
          minmay_temple_entry_junction, hangedman_decor_slide_cut
Temple:   jpeg_temple_clearing

Skill      XL: |  1  2  3  4  5  6  7 |
---------------+----------------------+-----
Throwing       | 2 |  2.0
Maces & Flails | 3 4 |  4.9
Dodging        | 3 |  3.1
Fighting       | 3 4 |  4.9
Armour         | 1 2 3 |  3.6
Ranged Weapons | 1 2 3 |  3.0

Action                     |  1- 3 |  4- 6 |  7- 9 || total
---------------------------+-------+-------+-------++-------
  Melee: Flail             |   146 |   111 |    86 ||   343
         Punch             |     1 |     3 |     3 ||     7
         Kick              |       |    19 |    23 ||    42
   Fire: Arbalest          |       |     5 |       ||     5
  Evoke: Wand              |       |     1 |     4 ||     5
    Use: Potion            |       |     2 |     5 ||     7
   Stab: Sleeping          |     1 |       |       ||     1
 Armour: Leather armour    |    56 |       |       ||    56
         Plate armour      |    42 |    90 |    60 ||   192
  Dodge: Dodged            |   117 |    45 |    22 ||   184

Table legend: (Time is in decaauts)
 A = Elapsed time spent in this place.
 B = Non-inter-level travel time spent in this place.
 C = Inter-level travel time spent in this place.
 D = Time resting spent in this place.
 E = Time spent auto-exploring this place.
 F = Levels seen in this place.
 G = Mean time per level.
                   A        B        C        D        E       F      G
               +--------+--------+--------+--------+--------+-----+--------+
         Total |   4195 |   3899 |    296 |    236 |   2714 |   6 |  699.2 |
       Dungeon |   4105 |   3821 |    284 |    236 |   2649 |   5 |  821.0 |
        Temple |     89 |     77 |     12 |      0 |     65 |   1 |   89.0 |
               +--------+--------+--------+--------+--------+-----+--------+

Top non-repeatable levels by time:
     D:3: 1071 daAuts
     D:1: 961 daAuts
     D:2: 749 daAuts
     D:4: 664 daAuts
     D:5: 659 daAuts
  Temple: 89 daAuts
